 Dungeon Sprint DCSS version 0.23-a0-709-gaefc81b (webtiles) character file.

1416 TheOrbIsALie the Geomancer (level 8, -14/41 HPs)
             Began as a Gargoyle Earth Elementalist on Jan 14, 2019.
             Was an Initiate of Sif Muna.
             Shot with a bolt by a yaktaur (23 damage)
             ... in the Dungeon (Sprint II: "The Violet Keep of Menkaure").
             The game lasted 00:04:26 (739 turns).

TheOrbIsALie the Geomancer (GrEE)                    Turns: 739, Time: 00:04:26

Health: -14/41     AC:  8    Str: 11    XL:     8   Next: 71%
Magic:  17/25      EV: 11    Int: 19    God:    Sif Muna [......]
Gold:   382        SH:  0    Dex:  5    Spells: 20/33 levels left

rFire    . . .     SeeInvis .   (no weapon)
rCold    . . .     Gourm    .   (no shield)
rNeg     + . .     Faith    .   c - +0 robe
rPois    ∞         Spirit   .   a - +0 helmet of the Forgotten Princes {+Inv rElec Regen+ Dex-5} (curse)
rElec    +         Reflect  .   (no cloak)
rCorr    .         Harm     .   (no gloves)
MR       .....     NoTele   +   (no boots)
Stlth    +.........             (no amulet)
HPRegen  0.53/turn              (no ring)
MPRegen  0.19/turn              (no ring)

@: no status effects
A: negative energy resistance 1, electricity resistance, unbreathing,
petrification resistance, rot immunity, AC +5
a: Renounce Religion, Evoke Invisibility


You were in the Dungeon.
You worshipped Sif Muna.
Sif Muna was noncommittal.
You were not hungry.

You visited 1 branch You collected 729 gold pieces.
You spent 347 gold pieces at shops.

Inventory:

Armour
 a - the cursed +0 helmet of the Forgotten Princes (worn) {+Inv rElec Regen+ Dex-5}
   (You bought it in a shop in the Dungeon)

   It affects your dexterity (-5).
   It insulates you from electricity.
   It lets you turn invisible.
   It increases your rate of regeneration.
   It has a curse placed upon it.
 c - a +0 robe (worn)
 k - a +0 cloak of poison resistance
Scrolls
 j - a scroll of blinking
Potions
 b - a potion of lignification {unknown}
 e - a potion of curing
 f - a potion of heal wounds
 g - a potion of haste
 h - a potion of magic
 i - a potion of berserk rage
Comestibles
 d - a ration


   Skills:
 - Level 1.5 Dodging
 - Level 2.1 Stealth
 - Level 13.1 Spellcasting
 + Level 4.0 Conjurations
 - Level 0.7 Transmutations
 - Level 13.5 Earth Magic


You had 20 spell levels left.
You knew the following spells:

 Your Spells              Type           Power        Failure   Level  Hunger
a - Sandblast             Erth           ######       1%          1    None
b - Stone Arrow           Conj/Erth      #####.       1%          3    None
c - Lee's Rapid Deconstr  Erth           ######....   1%          5    ####...
d - Petrify               Tmut/Erth      #####...     3%          4    #......

Your spell library contained the following spells:

 Spells                   Type           Power        Failure   Level  Hunger
 Passwall                 Tmut/Erth      #####...     1%          2    None


Dungeon Overview and Level Annotations

Branches:
Dungeon (1/1)

Altars:
Cheibriados
Dithmenos
Elyvilon
Fedhas
Gozag
Hepliaklqana
Kikubaaqudgha
Makhleb
Nemelex Xobeh
Okawaru
Qazlal
Ru
Sif Muna
Trog
Uskayaw
Vehumet
Wu Jian
Xom
Yredelemnul
Zin
The Shining One
Beogh
Jiyva
Lugonu

Shops:
D !!:[:!%=!?=[}[(?

Annotations:
D exclusion: oklob plant


Innate Abilities, Weirdness & Mutations

You are resistant to torment.
Your stone body is resilient. (AC +5)
You are immune to poison.
You resist negative energy. (rN+)
You are resistant to electric shocks. (rElec)
You can survive without breathing.
You are immune to petrification.
You are immune to rotting.


Message History

There is a shimmering altar of Xom here.
Casting: Petrify (safe; 3% risk of failure)
Confirm with . or Enter, or press ? or * to list all spells.
Aiming: Lee's Rapid Deconstruction (safe; 1% risk of failure)
Press: ? - help, Dir - move target cursor, f/p - polar bear Fragment what (e.g. wall or brittle monster)?: a polar bear (slowly petrifying)
The polar bear shatters!
The polar bear is heavily wounded.
The blast of petrified fragments hits the hornet.
The hornet is moderately wounded.
The hornet stings you. The hornet stings you!
There is a glowing golden altar of the Shining One here.
The yaktaur wields a +0 arbalest.
The yaktaur shoots a bolt.
The bolt hits you!
* * * LOW HITPOINT WARNING * * *
You see here a bolt.
The polar bear stops moving altogether!
The hornet closely misses you.
The yaktaur shoots a bolt.
The bolt hits you!!
Ouch! That really hurt!
You die...

+..### ..##.#▓!!$[))?
#....###.^.##▓▓▓▓▓▓▓+
#......≈≈≈≈≈≈≈≈≈≈≈≈≈
≈≈.....≈#'########+##
≈≈≈≈≈.§≈#....._._#§≈§#
≈≈≈§≈≈.≈#...._._.#≈§≈§##
≈≈§≈≈≈≈≈#..._._._#§≈§§≈#
≈≈≈≈§§≈≈#..c._._.#§≈≈§ ≈
≈≈§§§§≈≈#._._._.@#t§§≈≈≈
§≈§###≈≈#_._._._y#t§≈≈§t
#≈≈#._._._h(#§§≈≈§≈ +
#≈§#.._._._.#≈≈§§▓▓ #
≈≈§##########≈≈§§▓z
####≈≈≈≈≈≈≈≈≈≈≈§≈▓
###≈########≈▓▓▓▓▓ ;##≈
▓▓ §;+


You could see a polar bear (petrified), a yaktaur, a hornet and 2 crocodiles.

Vanquished Creatures
  An obsidian statue (D)
  2 tyrant leeches (D)
  4 necrophages (D)
  A crocodile (D)
  A scorpion (D)
  4 worker ants (D)
  3 worms (D)
16 creatures vanquished.

Vanquished Creatures (others)
  Menkaure (D)
  A crocodile (D)
2 creatures vanquished.

Grand Total: 18 creatures vanquished

Notes
Turn   | Place    | Note
-------+----------+-------------------------------------------
     0 | D        | TheOrbIsALie the Gargoyle Earth Elementalist began the
                  | quest for the Orb.
     0 | D        | Reached XP level 1. HP: 10/10 MP: 3/3
    19 | D        | Killed Menkaure
    50 | D        | Reached XP level 2. HP: 15/15 MP: 1/6
   101 | D        | Reached skill level 5 in Earth Magic
   131 | D        | Noticed a tyrant leech
   131 | D        | Noticed a tyrant leech
   137 | D        | Reached XP level 3. HP: 19/19 MP: 5/9
   139 | D        | Reached skill level 5 in Spellcasting
   142 | D        | Reached XP level 4. HP: 20/24 MP: 0/11
   228 | D        | Killed a crocodile
   246 | D        | Noticed a necrophage
   246 | D        | Noticed a necrophage
   246 | D        | Noticed a necrophage
   246 | D        | Noticed a necrophage
   249 | D        | Killed a necrophage
   249 | D        | Reached XP level 5. HP: 28/28 MP: 9/15
   250 | D        | Killed a necrophage
   250 | D        | Reached skill level 10 in Earth Magic
   250 | D        | Reached XP level 6. HP: 32/32 MP: 9/18
   253 | D        | Killed a necrophage
   254 | D        | Killed a necrophage
   254 | D        | Reached skill level 10 in Spellcasting
   254 | D        | Reached XP level 7. HP: 30/36 MP: 6/21
   306 | D        | Learned a level 3 spell: Stone Arrow
   311 | D        | Learned a level 4 spell: Petrify
   350 | D        | Learned a level 5 spell: Lee's Rapid Deconstruction
   353 | D        | Killed a tyrant leech
   357 | D        | Killed a tyrant leech
   357 | D        | Reached XP level 8. HP: 18/41 MP: 17/24
   527 | D        | Noticed an obsidian statue
   533 | D        | Killed an obsidian statue
   539 | D        | Found Gigoapto's Armour Shop.
   539 | D        | Found Iwkirpheu's Antique Armour Shop.
   540 | D        | Found Purokk's Magic Scroll Boutique.
   540 | D        | Found Aqoicaf's Jewellery Boutique.
   551 | D        | Found Casymel's Distillery.
   551 | D        | Found Reuq's Magic Scroll Shop.
   551 | D        | Found Heh Weurio's Jewellery Shop.
   583 | D        | Found Reriupsi's Food Shop.
   583 | D        | Found Asiun's Gadget Boutique.
   583 | D        | Found Ifui's Distillery.
   584 | D        | Found Fatzauk's Antique Weapon Boutique.
   584 | D        | Noticed an iron elemental
   587 | D        | Found Reoloido's Book Boutique.
   587 | D        | Found Baun's Antique Armour Shop.
   587 | D        | Noticed an oklob plant
   588 | D        | Found Jinoa's Distillery.
   588 | D        | Found Qichegakh's Distillery.
   588 | D        | Found Xanack's Book Shoppe.
   588 | D        | Noticed a yak
   595 | D        | Bought a steaming helmet for 190 gold pieces
   600 | D        | Identified the cursed +0 helmet of the Forgotten Princes
                  | {+Inv rElec Regen+ Dex-5} (You bought it in a shop in the
                  | Dungeon)
   625 | D        | Bought an embroidered cloak for 157 gold pieces
   625 | D        | Noticed a yak
   627 | D        | Noticed a yak
   718 | D        | Found a snail-covered altar of Cheibriados.
   719 | D        | Found a shadowy altar of Dithmenos.
   720 | D        | Found a white marble altar of Elyvilon.
   720 | D        | Found an ancient bone altar of Kikubaaqudgha.
   720 | D        | Found a roughly hewn altar of Beogh.
   720 | D        | Found a viscous altar of Jiyva.
   721 | D        | Found a blossoming altar of Fedhas.
   721 | D        | Found a corrupted altar of Lugonu.
   721 | D        | Found a deep blue altar of Sif Muna.
   722 | D        | Found an opulent altar of Gozag.
   722 | D        | Found a burning altar of Makhleb.
   722 | D        | Found a bloodstained altar of Trog.
   723 | D        | Found a sparkling altar of Nemelex Xobeh.
   723 | D        | Found a hide-covered altar of Uskayaw.
   724 | D        | Found a basalt altar of Yredelemnul.
   725 | D        | Found an iron altar of Okawaru.
   725 | D        | Found a radiant altar of Vehumet.
   725 | D        | Found a glowing silver altar of Zin.
   725 | D        | Found a hazy altar of Hepliaklqana.
   725 | D        | Found a sacrificial altar of Ru.
   725 | D        | Found a shimmering altar of Xom.
   725 | D        | Noticed a hornet
   725 | D        | Noticed a polar bear
   726 | D        | Found a stormy altar of Qazlal.
   726 | D        | Found an ornate altar of the Wu Jian Council.
   726 | D        | Found a glowing golden altar of the Shining One.
   726 | D        | Noticed a yaktaur
   726 | D        | Noticed a polar bear
   732 | D        | Became a worshipper of Sif Muna the Loreminder
   737 | D        | Noticed a flying skull
   739 | D        | Shot with a bolt by a yaktaur

Vault maps used:
D:        the_violet_keep_of_menkaure

Skill      XL: |  1  2  3  4  5  6  7  8 |
---------------+-------------------------+-----
Earth Magic    | 4 6 7 9 10 11 12 13 | 13.5
Spellcasting   | 3 4 5 8 9 10 12 13 | 13.1
Conjurations   | 4 |  4.0
Dodging        | |  1.5
Stealth        | |  2.1
Transmutations | |  0.7

Action                   |  1- 3 |  4- 6 |  7- 9 || total
-------------------------+-------+-------+-------++-------
 Cast: Sandblast         |    15 |     9 |     6 ||    30
       Lee's Rapid Decon |       |       |     8 ||     8
       Stone Arrow       |       |       |     4 ||     4
       Petrify           |       |       |     1 ||     1
  Use: Potion            |       |       |     1 ||     1
  Eat: Chunk             |       |       |     1 ||     1
Armor: Robe              |       |     1 |     2 ||     3
Dodge: Dodged            |     2 |     1 |     6 ||     9

Table legend:
 A = Non-vault XP
 B = Vault XP
 C = Vault XP percentage of total XP
 D = Non-vault monster count
 E = Vault monster count
 F = Vault count percentage of total count
                 A         B        C        D         E       F
            +---------+---------+-------+---------+---------+-------
      Total |       0 |    2024 | 100.0 |       0 |      16 | 100.0
            +---------+---------+-------+---------+---------+-------
          D |       0 |    2024 | 100.0 |       0 |      16 | 100.0
            +---------+---------+-------+---------+---------+-------
